 Dungeon Crawl Stone Soup version 0.30-b1-2-g02819fbbbe (webtiles) character file.

Game seed: 8869934240836922223

14326 Shirokaze the Protected (level 11, -1/90 HPs)
             Began as an Armataur Fighter on May 30, 2023.
             Was a Follower of Ashenzari.
             Killed by vampiric draining
             ... invoked by a vampire
              (17 damage)
             ... on level 12 of the Dungeon.
             The game lasted 00:41:26 (11401 turns).

Shirokaze the Protected (Armataur Fighter)         Turns: 11401, Time: 00:41:26

Health: -1/90      AC: 16    Str: 25    XL:     11   Next: 87%
Magic:  11/11      EV:  4    Int: 11    God:    Ashenzari [*.....]
Gold:   600        SH: 20    Dex: 13    Spells: 10/10 levels left

rFire   + . .        E - +0 broad axe (flame)
rCold   . . .        I - +0 tower shield
rNeg    . . .        v - +0 plate armour
rPois   .            q - +0 hat "Chained Vision" {Int+3, Range, Evo} (curse)
rElec   .            n - +2 cloak "Share My Oracle" {Elem, Evo} (curse)
rCorr   +            (no gloves)
SInv    .            (no barding)
Will    .....        D - amulet of reflection Stlth
                     e - ring of resist corrosion
HPRegen 0.35/turn    l - ring of protection from fire
MPRegen 0.12/turn

%: reflection, roll
@: no status effects
A: large, rugged brown scales 3, deformed body, armoured tail, roll, long
tongue, awkward tongue, fangs 1, hooves 1, agile 1, frail 1, teleportitis 1
a: Renounce Religion, Shatter the Chains


You were on level 12 of the Dungeon.
You worshipped Ashenzari.
Ashenzari was aware of your devotion.
You visited 2 branches of the dungeon, and saw 13 of its levels.
You also visited: Sewer.

You collected 600 gold pieces.

Inventory:

Hand Weapons
 E - a +0 broad axe of flaming (weapon)
Armour
 n - the cursed +2 cloak "Share My Oracle" (worn) {Elem, Evo}
   (You found it on level 3 of the Dungeon)

   It has a curse which improves the following skills: Elements: Fire Magic, Ice
   Magic, Air Magic and Earth Magic.
   Evocations: Evocations.
 q - the cursed +0 hat "Chained Vision" (worn) {Int+3, Range, Evo}
   (You took it off Gastronok on level 9 of the Dungeon)

   It has a curse which improves the following skills: Ranged Combat: Ranged
   Weapons and Throwing.
   Evocations: Evocations.
 v - a +0 plate armour (worn)
 I - a +0 tower shield (worn)
Jewellery
 e - a ring of resist corrosion (left hand)
 g - an amulet of the acrobat
 l - a ring of protection from fire (right hand)
 r - a ring of poison resistance
 y - a ring of willpower
 z - a +6 ring of dexterity
 D - an amulet of reflection (around neck)
 F - a +4 ring of protection
Wands
 p - a wand of roots (11)
 s - a wand of light (26)
 x - a wand of flame (30)
 H - a wand of mindburst (8)
 J - a wand of paralysis (10)
Scrolls
 b - a scroll of amnesia
 o - 7 scrolls of teleportation
 u - 2 scrolls of fog
 w - 2 scrolls of fear
 A - 2 scrolls of silence
 C - 2 scrolls of blinking
 G - 3 scrolls of magic mapping
Potions
 a - a potion of heal wounds
 c - a potion of haste
 d - 4 potions of might
 f - 3 potions of lignification
 h - a potion of magic
 i - 3 potions of ambrosia
 j - 4 potions of curing
 m - 4 potions of flight
 t - a potion of cancellation
 B - a potion of brilliance


   Skills:
 + Level 7.7 Fighting
 + Level 11.0 Axes
 + Level 11.6 Armour
 + Level 1.8 Dodging
 + Level 1.6 Stealth
 + Level 8.9 Shields


You had 10 spell levels left.
You didn't know any spells.
Your spell library contained the following spells:

 Spells                   Type           Power      Damage    Failure   Level
 Beastly Appendage        Tmut           0%         N/A       100%        1
 Magic Dart               Conj           0%         1d3       100%        1
 Summon Small Mammal      Summ           0%         N/A       100%        1
 Blink                    Tloc           0%         N/A       100%        2
 Lesser Beckoning         Tloc           0%         N/A       100%        2
 Momentum Strike          Conj/Tloc      0%         3d8       100%        2
 Poisonous Vapours        Pois/Air       0%         N/A       100%        2
 Searing Ray              Conj           0%         2d4       100%        2
 Wereblood                Tmut           0%         N/A       100%        2
 Call Canine Familiar     Summ           0%         N/A       100%        3
 Gell's Gravitas          Tloc           0%         N/A       100%        3
 Ignite Poison            Fire/Tmut/Pois 0%         N/A       100%        3
 Inner Flame              Hex/Fire       0%         N/A       100%        3
 Mephitic Cloud           Conj/Pois/Air  0%         N/A       100%        3
 Spider Form              Tmut/Pois      0%         N/A       100%        3
 Summon Guardian Golem    Hex/Summ       0%         N/A       100%        3
 Teleport Other           Tloc           0%         N/A       100%        3
 Tukima's Dance           Hex            0%         N/A       100%        3
 Anguish                  Hex/Necr       0%         N/A       100%        4
 Cause Fear               Hex            0%         N/A       100%        4
 Fulminant Prism          Conj/Hex       0%         3d5       100%        4
 Passage of Golubria      Tloc           0%         N/A       100%        4
 Sticky Flame             Conj/Fire      0%         2d3       100%        4
 Summon Ice Beast         Ice/Summ       0%         N/A       100%        4
 Summon Lightning Spire   Summ/Air       0%         N/A       100%        4
 Freezing Cloud           Conj/Ice/Air   0%         6-21      100%        5
 Summon Mana Viper        Hex/Summ       0%         N/A       100%        5
 Yara's Violent Unravell  Hex/Tmut       0%         3d3       100%        5
 Enfeeble                 Hex            0%         N/A       100%        7
 Monstrous Menagerie      Summ           0%         N/A       100%        7
 Storm Form               Tmut/Air       0%         N/A       100%        7
 Ignition                 Fire           0%         3d3       100%        8
 Maxwell's Capacitive Co  Air            0%         ∞         100%        8


Dungeon Overview and Level Annotations

Branches:
Dungeon (12/15)            Temple (1/1) D:7            Lair (0/5) D:9
    Orc (0/2) D:11          Sewer (visited)

Altars:
Ashenzari
Cheibriados
Dithmenos
Elyvilon
Fedhas
Gozag
Hepliaklqana
Kikubaaqudgha
Makhleb
Nemelex Xobeh
Okawaru
Qazlal
Ru
Sif Muna
Trog
Uskayaw
Vehumet
Wu Jian
Xom
Yredelemnul
Zin
The Shining One

Shops:
D:5 :

Portals:
Ice
Cave: D:12


Innate Abilities, Weirdness & Mutations

You are completely covered in rugged brown scales. (AC +3, +7% HP)
Armour fits poorly on your strangely shaped body.
You have a long armoured tail.
You roll when moving toward enemies. (Rampage)
Your long tongue fully drains potion bottles. (2x potion effects)
Your tongue gives you trouble enunciating. (1.5x scroll delay)
You have very sharp teeth.
You have large cloven feet.
You are agile. (Dex +4, Str/Int -1)
You are frail. (-10% HP)
You are occasionally teleported next to monsters.


Message History

The vampire is lightly damaged.
The vampire casts a spell at you. You resist with some effort.
You slash the vampire! You burn the vampire. You kick the vampire.
You tail-slap the vampire, but do no damage.
The vampire is severely damaged.
The vampire hits you. You block the vampire's attack.
You hit the vampire. You burn the vampire. You kick the vampire.
The vampire is almost destroyed.
The vampire draws life force from you.
The vampire is healed by the life force!
The vampire hits you. You block the vampire's attack.
You hit the vampire but do no damage. You bite the vampire, but do no damage.
The vampire is almost destroyed.
The vampire draws life force from you!
The vampire is healed by the life force!
You closely miss the vampire. Your kick misses the vampire.
You tail-slap the vampire, but do no damage.
You bite the vampire, but do no damage.
The vampire is severely damaged.
The vampire draws life force from you!!
* * * LOW HITPOINT WARNING * * *
The vampire is healed by the life force!
You hit the vampire. You burn the vampire.
You kick the vampire, but do no damage.
The vampire is heavily damaged.
The vampire hits you!
* * * LOW HITPOINT WARNING * * *
You block the vampire's attack.
You hit the vampire. You burn the vampire.
The vampire is heavily damaged.
The vampire gestures at you while chanting.
You resist with some effort.
The vampire casts a spell.
The vampire flickers and vanishes!
Deactivating autopickup; reactivate with Ctrl-A.
You slash something! You burn something. Your kick misses something.
Your tail-slap misses something.
Your bite misses something. Something draws life force from you!
You die...

.............#####
##..........#
#.########.#
#.####.###### #.#
#...........###.#
#######.#.....#.#
#.......#.#
###..∩..#........
#.@...#########
#.{....# ##.###.#
#.# ... ... ...
#.# ## ###


There were no monsters in sight!

Vanquished Creatures
  Gastronok (D:9)
  A hydra (D:12)
  A two-headed ogre (D:10)
  A tengu warrior (D:10)
  A fire crab (shapeshifter) (D:11)
  An ugly thing (D:12)
  2 cyclopes
  A gargoyle (D:10)
  An unseen horror (D:10)
  A komodo dragon (D:11)
  Psyche (D:11)
  A kobold demonologist (D:11)
  A troll (D:10)
  A slime creature (D:7)
  2 shadows
  2 vampires (D:9)
  Sigmund (D:3)
  A wraith (D:8)
  9 yaks
  4 steam dragons
  A warg (D:11)
  2 acid dragons
  4 vampire mosquitoes (D:11)
  3 orc warriors
  3 ice beasts
  2 ogres
  2 black bears
  5 sky beasts
  5 centaurs
  A phantom (D:4)
  A kobold brigand (Sewer)
  5 bullfrogs
  A two-headed ogre simulacrum (D:12)
  A cane toad simulacrum (D:12)
  2 scorpions
  4 wights (D:8)
  14 killer bees
  6 howler monkeys
  3 orc priests
  6 hounds
  2 jellies
  2 gnoll boudas
  Jessica (D:3)
  Terence (D:3)
  A sleepcap (D:4)
  4 iguanas
  7 orc wizards
  A troll simulacrum (D:12)
  2 spriggan simulacra (D:12)
  7 gnolls
  8 adders
  3 naga simulacra (D:12)
  A shadow imp (D:6)
  A white imp (D:6)
  An ufetubus (D:5)
  A worm (D:6)
  2 dart slugs
  22 orcs
  9 ball pythons
  11 endoplasms
  7 giant cockroaches
  4 goblins
  4 hobgoblins
  7 jackals
  8 quokkas
  6 bats
  2 frilled lizards
  15 kobolds
  9 rats
254 creatures vanquished.

Vanquished Creatures (others)
  A kobold brigand (D:11)
  An orc (D:8)
2 creatures vanquished.

Grand Total: 256 creatures vanquished

Notes
Turn   | Place    | Note
-------+----------+-------------------------------------------
     0 | D:1      | Shirokaze the Armataur Fighter began the quest for the Orb.
     0 | D:1      | Reached XP level 1. HP: 19/19 MP: 1/1
   173 | D:1      | Reached XP level 2. HP: 26/26 MP: 2/2
   546 | D:2      | Reached XP level 3. HP: 29/33 MP: 3/3
   826 | D:2      | Reached XP level 4. HP: 25/40 MP: 4/4
  1176 | D:3      | Found a glowing golden altar of the Shining One.
  1184 | D:3      | Found a faded altar of an unknown god.
  1327 | D:3      | Found an ornate altar of the Wu Jian Council.
  1506 | D:3      | Found a radiant altar of Vehumet.
  1643 | D:3      | Noticed Jessica
  1646 | D:3      | Killed Jessica
  1647 | D:3      | Reached XP level 5. HP: 48/48 MP: 5/5
  1656 | D:3      | Noticed Terence
  1667 | D:3      | Killed Terence
  1840 | D:3      | Noticed Sigmund
  1845 | D:3      | Killed Sigmund
  1846 | D:3      | Reached skill level 1 in Dodging
  1846 | D:3      | Reached XP level 6. HP: 54/55 MP: 6/6
  2383 | D:4      | Reached skill level 5 in Armour
  2769 | D:5      | Entered Level 5 of the Dungeon
  2828 | D:5      | Found Mefeit's Book Boutique.
  2881 | D:5      | Found a shadowy altar of Dithmenos.
  2931 | D:5      | Reached XP level 7. HP: 58/63 MP: 7/7
  2950 | D:5      | Found a glowing drain.
  2996 | Sewer    | Entered a sewer
  3369 | D:5      | Found an opulent altar of Gozag.
  3574 | D:5      | Reached skill level 5 in Axes
  4008 | D:6      | Reached XP level 8. HP: 58/71 MP: 8/8
  4027 | D:5      | Noticed a rust devil
  4027 | D:5      | Noticed a rust devil
  4356 | D:6      | Noticed a moth of wrath
  4358 | D:6      | Found a bloodstained altar of Trog.
  4398 | D:6      | Identified the +6 hand axe of Fikhle {freeze, Str+2}
  4514 | D:6      | Found a shimmering altar of Xom.
  4559 | D:6      | Gained mutation: You are occasionally teleported next to
                  | monsters. [potion of mutation]
  4559 | D:6      | Gained mutation: You are frail. (-10% HP) [potion of
                  | mutation]
  4559 | D:6      | Gained mutation: You have very sharp teeth. [potion of
                  | mutation]
  4559 | D:6      | Gained mutation: You are agile. (Dex +4, Str/Int -1)
                  | [potion of mutation]
  4559 | D:6      | Gained mutation: You have large cloven feet. [potion of
                  | mutation]
  4709 | D:6      | Found a burning altar of Makhleb.
  5137 | D:7      | Found a blossoming altar of Fedhas.
  5141 | D:7      | Found an iron altar of Okawaru.
  5342 | D:7      | Reached skill level 5 in Shields
  5409 | D:7      | Noticed a slime creature
  5417 | D:7      | Killed a slime creature
  5418 | D:7      | Reached XP level 9. HP: 67/70 MP: 9/9
  5460 | D:7      | Reached skill level 5 in Fighting
  5699 | D:7      | Noticed a cyclops
  5708 | D:7      | Killed a cyclops
  5882 | D:7      | Found a staircase to the Ecumenical Temple.
  5899 | Temple   | Entered the Ecumenical Temple
  6289 | D:8      | Reached XP level 10. HP: 71/80 MP: 10/10
  7001 | D:9      | Found a sparkling altar of Nemelex Xobeh.
  7227 | D:9      | Found a staircase to the Lair.
  7240 | D:9      | Noticed Gastronok
  7259 | D:9      | Killed Gastronok
  7260 | D:9      | Reached skill level 1 in Stealth
  7459 | D:9      | Found a broken altar of Ashenzari.
  7525 | D:9      | Became a worshipper of Ashenzari the Shackled
  7795 | D:9      | Reached skill level 10 in Armour
  7948 | D:9      | Reached skill level 10 in Axes
  8066 | D:10     | Entered Level 10 of the Dungeon
  8128 | D:10     | Noticed a tengu warrior
  8234 | D:11     | Reached XP level 11. HP: 38/88 MP: 11/11
  8925 | D:10     | Noticed a two-headed ogre
  8942 | D:10     | Killed a two-headed ogre
  9509 | D:10     | Killed a tengu warrior
 10014 | D:11     | Noticed a fire crab
 10030 | D:11     | Killed a fire crab
 10524 | D:11     | Reached * piety under Ashenzari
 10714 | D:11     | Noticed Psyche
 10727 | D:11     | Killed Psyche
 10968 | D:11     | Found a staircase to the Orcish Mines.
 11075 | D:12     | Noticed a five-headed hydra
 11086 | D:12     | Killed a one-headed hydra
 11297 | D:12     | Noticed a brown ugly thing
 11302 | D:12     | Killed a brown ugly thing
 11366 | D:12     | Found a frozen archway.
 11401 | D:12     | Killed from afar by a vampire

Illustrated notes

Levels and vault maps discovered:
D:1:      scummos_arrival_gate, layout_rooms
D:2:      layout_basic
D:3:      layout_loops_ring, nicolae_vehumet_radiance, tso_oasis_becter,
          nicolae_wu_jian_immortal_techniques, dreamdust_ecumenical_altar_grove,
          uniq_jessica, uniq_terence, uniq_sigmund
D:4:      layout_loops_ring, st_stairs_6, bh_walls_and_bars
D:5:      cheibrodos_iron_armory, layout_loops_corners,
          nicolae_gozag_cash_rules_everything_around_me,
          nicolae_dithmenos_the_darkroom, gup_sewer_entry_pipe,
          nicolae_stop_n_shop_1
D:6:      layout_layer_cave, lightli_temple_of_fire,
          nicolae_overflow_crystal_walls, tgw_trog
D:7:      cheibrodos_barr_body, layout_gridville, fedhas_bush_and_centaur_altar,
          okawaru_trees_1, minmay_temple_entry_waves, nicolae_underground_beach
D:8:      layout_loops_ring
D:9:      layout_loops_ring, ashenzari_conservatory_becter, lemuel_tele_altar,
          lair_entry_dummy, uniq_gastronok
D:10:     nicolae_cairo_tiling, layout_loops_ring
D:11:     layout_basic, david_orc_3, uniq_psyche
D:12:     layout_loops_ring, portal_ice_cave_entry_ice_simulacra,
          minmay_rotating_lava
Temple:   hellmonk_temple_rainy

Skill      XL: |  1  2  3  4  5  6  7  8  9 10 11 |
---------------+----------------------------------+-----
Fighting       | 3 4 6 7 |  7.7
Armour         | 4 5 7 8 10 11 | 11.6
Axes           | 2 3 4 5 7 8 10 11 | 11.0
Dodging        | 1 |  1.8
Shields        | 4 5 6 7 8 |  8.9
Stealth        | 1 |  1.6

Action                     |  1- 3 |  4- 6 |  7- 9 | 10-12 || total
---------------------------+-------+-------+-------+-------++-------
  Melee: War axe           |    80 |   114 |   131 |       ||   325
         Tailslap          |    11 |    11 |    46 |    72 ||   140
         Hand axe          |       |       |   150 |    25 ||   175
         Kick              |       |       |    45 |   150 ||   195
         Bite              |       |       |    10 |    61 ||    71
         Broad axe         |       |       |       |   416 ||   416
 Invoke: Curse Item        |       |       |       |     2 ||     2
    Use: Scroll            |     5 |     5 |     8 |     6 ||    24
         Potion            |       |       |     5 |     9 ||    14
   Stab: Distracted        |       |       |       |     1 ||     1
 Armour: Scale mail        |    66 |    20 |       |       ||    86
         Plate armour      |       |    27 |   151 |   297 ||   475
         Chain mail        |       |    13 |       |       ||    13
  Dodge: Dodged            |    40 |    31 |    57 |    77 ||   205
  Block: Buckler           |    23 |    23 |    53 |    88 ||   187
         Tower shield      |       |       |       |   255 ||   255
         Reflection        |       |       |       |     5 ||     5
